 Dungeon Crawl Stone Soup version 0.19.0-26-g9e9c210 (webtiles) character file.

25 eejhil the Grave Robber (level 2, -1/19 HPs)
             Began as a Demonspawn Necromancer on Nov 22, 2016.
             Slain by a jackal (2 damage)
             ... on level 2 of the Dungeon on Nov 23, 2016.
             The game lasted 00:23:37 (1128 turns).

eejhil the Grave Robber (Demonspawn Necromancer)    Turns: 1128, Time: 00:23:37

Health: -1/19      AC:  2    Str:  8    XL:     2   Next: 86%
Magic:  0/5        EV: 12    Int: 16    God:
Gold:   112        SH:  0    Dex: 13    Spells: 2 memorised, 3 levels left

rFire  x . .     SeeInvis .     f - -3 club (curse)
rCold  + . .     Gourm    .     a - +0 robe
rNeg   . . .     Faith    .     (no shield)
rPois  .         Spirit   .     (helmet restricted)
rElec  .         Reflect  .     (no cloak)
rCorr  .         Harm     .     (no gloves)
MR     .....                    (no boots)
Stlth  ++........               (no amulet)
                                (no ring)
                                r - ring of ice

@: flying, very slightly contaminated
A: horns 1
a: no special abilities


You were on level 2 of the Dungeon.
You were not hungry.

You visited 1 branch of the dungeon, and saw 2 of its levels.

You collected 112 gold pieces.

Inventory:

Hand Weapons
 e - a +0 short sword
 f - a cursed -3 club (weapon)
 g - a +0 club
 j - a +0 mace
 k - a +0 club
 o - a +0 hunting sling
 p - a +0 dagger
 s - a +0 dagger
Missiles
 h - 11 bolts (quivered)
 l - 52 stones
Armour
 a - a +0 robe (worn)
 d - a +0 leather armour
 i - a +0 scale mail
Jewellery
 r - a ring of ice (left hand)
Scrolls
 m - 3 scrolls of identify
 n - a scroll of magic mapping
Potions
 t - a potion of haste {unknown}
Books
 b - a book of Necromancy

   Spells                             Type                      Level
   a - Pain                           Necromancy                   1
   b - Animate Skeleton               Necromancy                   1
   c - Vampiric Draining              Necromancy                   3
   d - Regeneration                   Charms/Necromancy            3
   e - Animate Dead                   Necromancy                   4
   f - Control Undead                 Necromancy                   4


   Skills:
 + Level 2.0 Dodging
 + Level 1.7 Stealth
 + Level 2.3 Spellcasting
 + Level 5.0 Necromancy


You had 3 spell levels left.
You knew the following spells:

 Your Spells              Type           Power        Failure   Level  Hunger
a - Pain                  Necr           ###.         2%          1    #......
b - Animate Skeleton      Necr           N/A          2%          1    #......


Dungeon Overview and Level Annotations

Branches:
Dungeon (2/15)

Altars:
Ashenzari


Innate Abilities, Weirdness & Mutations

You have a pair of small horns on your head.


Message History

The jackal bites you but does no damage.
The jackal closely misses you. x2; The jackal bites you.
The jackal closely misses you.
You closely miss the jackal.
The jackal is almost dead.
The jackal closely misses you. The jackal bites you.
The jackal barely misses you. The jackal bites you.
A frilled lizard comes into view.
It was a potion of flight.
You feel very buoyant.
You fly up into the air.
The jackal bites you but does no damage.
The jackal bites you.
* * * LOW HITPOINT WARNING * * *
The jackal bites you.
* * * LOW HITPOINT WARNING * * *
The jackal barely misses you. The jackal bites you.
* * * LOW HITPOINT WARNING * * *
The jackal barely misses you. The jackal bites you.
You die...

#♣ #. ....#
#.# ...h.
#.#
...l####.##
.......h@#
#.....hh#
#..†....#
#.......#
#..<....#
#########


You could see 3 jackals and a frilled lizard.

Vanquished Creatures
  A dart slug (D:1)
  A ball python (D:1)
  A goblin (D:1)
  A hobgoblin (D:1)
  5 jackals
  3 kobolds (D:1)
  A bat (D:1)
  2 frilled lizards (D:1)
  4 rats (D:1)
19 creatures vanquished.

Vanquished Creatures (collateral kills)
  A goblin (D:1)
  A jackal (D:1)
  A frilled lizard (D:1)
  A kobold (D:1)
4 creatures vanquished.

Grand Total: 23 creatures vanquished

Notes
Turn   | Place    | Note
-------+----------+-------------------------------------------
     0 | D:1      | eejhil the Demonspawn Necromancer began the quest for the Orb.
     0 | D:1      | Reached XP level 1. HP: 13/13 MP: 3/3
    79 | D:1      | Learned a level 1 spell: Animate Skeleton
   446 | D:1      | Gained mutation: You have a pair of small horns on your head. [demonic ancestry]
   446 | D:1      | Reached XP level 2. HP: 11/19 MP: 1/5
   545 | D:1      | Found a shattered altar of Ashenzari.
   581 | D:1      | Upgraded the game from 0.19.0-24-gb05acd6 to 0.19.0-26-g9e9c210
   966 | D:1      | Reached skill level 5 in Necromancy
  1128 | D:2      | Slain by a jackal

Skill      XL: |  1  2 |
---------------+-------+-----
Necromancy     | 5 |  5.0
Dodging        | 2 |  2.0
Stealth        | |  1.7
Spellcasting   | |  2.3

Action                   || total
-------------------------++-------
Melee: Club              ||    16
       Headbutt          ||     1
 Cast: Pain              ||    22
       Animate Skeleton  ||     8
  Use: Scroll            ||     3
       Potion            ||     2
  Eat: Bread ration      ||     1
Armor: Robe              ||     9
Dodge: Dodged            ||    28
